Map: Magannatha LE

Players

Applepi

  • Race: Zerg Zerg
  • League: Silver
  • Spawn Location: 11:00

themartin - Winner!

  • Race: Terran Terran
  • Spawn Location: 5:00

VOD

Have the link to the VOD?

Description

Time

  • Played on: May 9, 2025, 5:30 a.m.
  • Length: 14:32
Show
View Real Time Build Order
Export as new Build Order

Applepi Zerg 

Build Orders: Pool First 

Get SALT Encoding   

  12  0:05  Drone  
  13  0:13  Overlord  
  13  0:17  Drone  
  14  0:32  Drone x2  
  16  0:39  Extractor  
  15  0:47  Spawning Pool  
  15  0:48  Drone  
  15  0:52  Drone  
  16  1:09  Drone  
  17  1:20  Hatchery  
  16  1:28  Drone  
  16  1:29  Drone  
  18  1:35  Zergling x2  
  19  1:43  Drone  
  20  1:51  Queen  
  22  1:59  Overlord  
  22  2:18  Drone  
  22  2:20  Drone  
  24  2:26  Queen  
  26  2:30  Drone  
  26  2:33  Drone  
  28  2:39  Drone  
  29  2:46  Drone  
  29  2:50  Zergling x2  
  31  2:54  Overlord  
  31  3:04  Drone x4  
  35  3:18  Evolution Chamber  
  35  3:19  Roach Warren  
  33  3:20  Drone x2  
  33  3:21  Drone  
  36  3:27  Queen  
  38  3:41  Lair  
  38  3:48  Metabolic Boost, Zerg Missile Weapons Level 1  
  38  3:54  Overlord x2  
  38  4:03  Roach x3  
  44  4:11  Queen  
  44  4:15  Overlord x2  
  46  4:19  Roach  
  46  4:21  Zergling x4  
  46  4:23  Zergling x6  
  53  4:34  Roach  
  53  4:35  Roach  
  57  4:48  Drone x3  
  57  4:49  Drone, Extractor  
  60  4:56  Roach x2  
  64  5:12  Roach x2  
  68  5:29  Drone x2  
  68  5:30  Drone x3  
  68  5:32  Overlord x2  
  73  5:41  Glial Reconstitution  
  73  5:42  Zerg Melee Weapons Level 1  
  73  5:48  Roach  
  75  5:57  Overlord x2  
  75  6:01  Roach x4  
  83  6:09  Roach x2  
  87  6:18  Roach x2  
  91  6:26  Roach x2  
  95  6:33  Drone x3, Extractor x2  
  95  6:34  Drone x2  
  98  6:45  Roach  
  98  6:46  Roach  
  102  6:47  Roach x2  
  106  7:01  Overlord x2  
  106  7:07  Hatchery  
  105  7:11  Roach  
  107  7:24  Roach  
  107  7:25  Roach x2  
  107  7:26  Overlord x2  
  107  7:28  Zergling x2  
  107  7:29  Zergling x6  
  117  7:32  Drone x3  
  120  7:42  Overlord x2  
  122  7:51  Roach x3  
  122  8:07  Roach x5  
  127  8:18  Queen x2  
  111  8:22  Roach x6  
  105  8:32  Roach  
  105  8:33  Roach x5  
  113  8:36  Drone  
  110  8:48  Drone  
  110  8:49  Drone x2  
  110  8:50  Drone x2  
  110  8:51  Queen  
  110  8:54  Queen  
  111  8:56  Roach x6  
  111  9:07  Roach  
  111  9:08  Roach x2  
  117  9:20  Roach x3  
  117  9:21  Roach x2  
  127  9:26  Roach x5  
  137  9:39  Roach x3  
  143  9:57  Roach x2  
  143  9:58  Roach x6  
  159  10:00  Overlord x2  
  159  10:04  Queen  
  139  10:16  Roach x6  
  135  10:24  Roach  
  135  10:25  Roach x6  
  133  10:29  Roach  
  133  10:30  Roach x2  
  137  10:44  Roach  
  137  10:45  Roach x4  
  109  11:07  Roach x8  
  105  11:19  Drone x5  
  105  11:22  Roach  
  105  11:23  Roach x4  
  120  11:33  Zergling x8  
  124  11:40  Hatchery  
  123  11:49  Zergling x24  
  131  12:00  Zerg Missile Weapons Level 2  
  109  12:02  Tunneling Claws  
  109  12:06  Roach x4  
  108  12:21  Roach  
  108  12:22  Roach x8  
  110  12:24  Roach  
  112  12:32  Roach x3  
  118  12:49  Roach x8  
  118  12:50  Roach x2  
  138  12:52  Roach  
  140  13:01  Drone x3  
  140  13:02  Queen  
  145  13:09  Roach  
  145  13:10  Roach, Zergling x2  
  145  13:11  Zergling x2  
  145  13:12  Zergling x2  
  139  13:13  Zergling x2  
  112  13:38  Queen  
  114  13:44  Zergling x2  
  114  13:45  Zergling x32  
Show
View Real Time Build Order
Export as new Build Order

themartin Terran - Winner!

Build Orders:  

Get SALT Encoding   

  12  0:01  SCV  
  13  0:13  SCV  
  14  0:22  Supply Depot  
  14  0:25  SCV  
  15  0:44  SCV  
  15  0:45  Supply Depot  
  16  1:01  SCV  
  17  1:07  Supply Depot  
  17  1:11  Barracks  
  17  1:13  SCV  
  18  1:27  SCV  
  18  1:31  Refinery  
  19  1:40  Barracks  
  19  1:41  SCV  
  20  1:53  SCV  
  21  2:04  Refinery  
  21  2:05  SCV  
  22  2:11  Barracks Tech Lab  
  22  2:24  SCV  
  23  2:31  Barracks Reactor  
  23  2:38  Engineering Bay  
  23  2:39  Marine  
  24  2:49  Combat Shield  
  24  2:57  Marine  
  25  3:12  Marine x2  
  25  3:15  Factory  
  25  3:19  Marauder  
  29  3:25  SCV  
  30  3:30  Marine x2  
  32  3:35  Command Center  
  32  3:37  SCV  
  33  3:42  Marauder  
  33  3:45  Terran Infantry Weapons Level 1  
  33  3:48  Marine x2  
  37  4:07  Starport  
  37  4:15  Supply Depot  
  37  4:24  Missile Turret  
  37  4:31  Factory Tech Lab  
  37  4:37  Supply Depot  
  37  4:39  Marine x2  
  37  4:44  Marauder  
  37  4:45  Missile Turret  
  41  4:57  Marine x2  
  43  5:11  Bunker  
  43  5:14  Marine  
  43  5:15  Marine  
  45  5:28  Medivac  
  45  5:32  Marine x2  
  49  5:43  Armory  
  49  5:45  Missile Turret  
  49  5:51  Concussive Shells  
  49  5:58  Medivac  
  49  6:01  Orbital Command, Supply Depot  
  49  6:03  Planetary Fortress  
  51  6:13  Bunker  
  51  6:18  Siege Tank  
  54  6:41  Terran Vehicle And Ship Armor Level 1  
  54  6:55  Missile Turret  
  54  7:15  SCV, Fusion Core  
  55  7:20  SCV  
  56  7:27  SCV  
  56  7:29  Marine x2  
  58  7:32  SCV  
  58  7:34  Terran Infantry Armor Level 1  
  60  7:39  SCV  
  60  7:44  SCV  
  62  7:47  Marine x2  
  64  7:51  SCV  
  64  7:56  SCV  
  66  8:03  SCV  
  66  8:05  Marine x2  
  61  8:23  Marine x2  
  59  8:38  Starport Tech Lab  
  59  8:39  Bunker  
  59  8:40  Weapon Refit  
  59  8:45  Supply Depot  
  55  9:06  Marauder  
  55  9:07  Marine x2  
  59  9:11  Battlecruiser  
  65  9:21  Refinery  
  65  9:25  Refinery, Marine x2  
  65  9:26  SCV  
  65  9:27  Marauder  
  65  9:28  Terran Infantry Weapons Level 2  
  70  9:38  SCV  
  71  9:41  Siege Tank  
  71  9:42  Marine  
  71  9:43  Marine  
  76  9:48  Marine  
  76  9:50  SCV  
  78  9:58  Supply Depot, Starport  
  78  10:00  Marine x2  
  78  10:06  Marine  
  81  10:14  Hellion  
  72  10:24  Supply Depot  
  71  10:31  Bunker  
  71  10:35  Hellion  
  73  10:37  Marine x2  
  73  10:38  Bunker  
  69  10:55  Marine x2  
  69  10:56  Hellion  
  70  11:13  Marine x2  
  72  11:30  Bunker, Marine x2  
  74  11:38  SCV  
  75  11:40  Starport Tech Lab  
  75  11:43  Battlecruiser  
  81  11:50  SCV  
  78  12:02  SCV  
  78  12:05  Command Center  
  78  12:08  Battlecruiser  
  85  12:11  Marine x2  
  85  12:14  SCV, Marauder  
  90  12:28  Marine x2  
  92  12:36  Marauder  
  94  12:38  Bunker  
  94  12:46  Marine x2  
  94  12:49  Hellion  
  98  12:57  Marauder  
  100  13:04  Marine x2, Supply Depot  
  102  13:11  Hellion  
  103  13:18  Marauder  
  105  13:22  Marine x2  
  105  13:28  Bunker  
  105  13:32  Thor  
  111  13:40  Marine x2, Marauder  
  113  13:57  Marine  
  113  13:58  Marine  
  113  14:01  Marauder  
  124  14:25  Bunker  
Tags
 
League
Silver
Matchup
TvZ
Opening
Pool First
Spawn Locations
Cross Positions
Add a new tag
Caveats
  • Supply blocks, unpowered buildings, or Contaminate may cause inaccurate times.
  • Supply counts are checked every 10 seconds.